 Dungeon Crawl Stone Soup version 0.32-a0-433-g08bcfe7efd (webtiles) character file.

Game seed: 10298222854540238885

284 CougarLife the Digger (level 6, -5/32 HPs)
             Began as a Gargoyle Earth Elementalist on Feb 23, 2024.
             Slain by a gnoll
             ... wielding a +0 halberd
              (14 damage)
             ... on level 2 of the Dungeon.
             The game lasted 00:01:10 (1044 turns).

CougarLife the Digger (Gargoyle Earth Elementalist) Turns: 1044, Time: 00:01:11

Health: -5/32      AC:  6    Str: 11    XL:     6   Next: 29%
Magic:  9/11       EV: 11    Int: 18    God:
Gold:   67         SH:  0    Dex: 10    Spells: 11/12 levels left

rFire   . . .        f - +2 dagger (venom)
rCold   . . .        (no shield)
rNeg    + . .        a - +0 robe
rPois   ∞            (no helmet)
rElec   +            (no cloak)
rCorr   .            (no gloves)
SInv    .            (no boots)
Will    .....        (no amulet)
Stlth   ++           (no ring)
HPRegen 0.25/turn    (no ring)
MPRegen 0.12/turn

%: no passive effects
@: no status effects
A: sickness immunity, AC +4, negative energy resistance 1, electricity
resistance, torment resistance 1, petrification resistance
a: no special abilities


You were on level 2 of the Dungeon.
You visited 1 branch of the dungeon, and saw 2 of its levels.

You collected 67 gold pieces.

Inventory:

Hand Weapons
 f - a +2 dagger of venom (weapon)
Armour
 a - a +0 robe (worn)
Scrolls
 g - a scroll of enchant weapon {unknown}
 h - a scroll of identify {unknown}
 j - a scroll of immolation {unknown}
Potions
 b - a potion of magic
 c - a potion of curing {unknown}
 d - 3 potions of heal wounds {unknown}
 e - a potion of mutation {unknown}
 i - a potion of attraction {unknown}
 k - a potion of brilliance {unknown}
 l - a potion of berserk rage {unknown}


   Skills:
 - Level 1.5 Dodging
 - Level 2.1 Stealth
 + Level 3.7 Spellcasting
 + Level 3.9 Conjurations
 + Level 5.5 Earth Magic


You had 11 spell levels left.
You knew the following spells:

 Your Spells              Type           Power      Damage    Failure   Level
a - Sandblast             Erth           46%        2d11      1%          1

Your spell library contained the following spells:

 Spells                   Type           Power      Damage    Failure   Level
 Passwall                 Erth           23%        N/A       4%          3
 Stone Arrow              Conj/Erth      40%        3d9       6%          3
 Brom's Barrelling Bould  Conj/Erth      20%        2d4       22%         4
 Petrify                  Alch/Erth      13%        N/A       43%         4


Dungeon Overview and Level Annotations

Branches:
Dungeon (2/15)

Altars:


Innate Abilities, Weirdness & Mutations

You are immune to sickness and miasma.
Your stone body is resilient. (AC +4)
You are immune to poison.
You resist negative energy. (rN+)
You are resistant to electric shocks. (rElec)
You are resistant to unholy torment.
You are immune to petrification.


Message History

Found 6 gold pieces.
There is an open door here.
There are monsters nearby!
The blast of sand hits the orc!!
You kill the orc!
A ball python comes into view.
There are monsters nearby!
You hit the gnoll.
The gnoll is poisoned.
The gnoll is lightly wounded.
The gnoll hits you with a +0 flail!
The blast of sand hits the gnoll!
The gnoll is almost dead.
The gnoll barely misses you. The gnoll hits you with a +0 club.
The gnoll barely misses you.
The blast of sand hits the gnoll!
You kill the gnoll!
The gnoll hits you with a +0 club.
The gnoll hits you from afar with a +0 halberd!
The gnoll closely misses you. The endoplasm freezes you.
You are frozen.
* * * LOW HITPOINT WARNING * * *
The gnoll closely misses you.
There are monsters nearby!
You are too injured to fight recklessly!
The ball python attacks as it pursues you!
The ball python barely misses you. The ball python grabs you.
The ball python constricts you.
You escape the ball python's grasp.
The ball python attacks as it pursues you!
The ball python bites you but does no damage.
The ball python completely misses you. The gnoll attacks as it pursues you!
The gnoll hits you from afar with a +0 halberd.
* * * LOW HITPOINT WARNING * * *
The gnoll attacks as it pursues you! The gnoll closely misses you.
The gnoll attacks as it pursues you! The gnoll closely misses you.
The ball python misses you. The ball python barely misses you.
The gnoll attacks as it pursues you!
The gnoll hits you from afar with a +0 halberd!
You die...

#............#........#
##########.#.#........#
######.#+#..†.....#
#..........#'######
#...>..>...#.#
#.........##†#
#.[.......##.#
.........††..#
#........@####
#'##.....S########
...##....g.......#
....####.g.......#
...#.# #.J.......#
#.ß.ß.##.........#######
$.....)#...............#
.(.....'.#######.......#
......)#.# #.......#


You could see 2 gnolls, an endoplasm and a ball python.

Vanquished Creatures
  Sigmund (D:2)
  Jessica (D:2)
  A gnoll (D:2)
  5 adders (D:2)
  An orc (D:2)
  8 ball pythons
  2 endoplasms
  3 giant cockroaches (D:2)
  2 goblins
  4 hobgoblins
  2 jackals (D:1)
  A quokka (D:1)
  3 bats
  3 kobolds (D:1)
  3 rats (D:1)
40 creatures vanquished.

Notes
Turn   | Place    | Note
-------+----------+-------------------------------------------
     0 | D:1      | CougarLife the Gargoyle Earth Elementalist began the quest
                  | for the Orb.
     0 | D:1      | Reached XP level 1. HP: 10/10 MP: 3/3
   201 | D:1      | Reached XP level 2. HP: 15/15 MP: 3/5
   378 | D:1      | Reached skill level 4 in Earth Magic
   641 | D:2      | Noticed Jessica
   645 | D:2      | Reached XP level 3. HP: 19/19 MP: 3/6
   646 | D:2      | Killed Jessica
   647 | D:2      | Reached XP level 4. HP: 24/24 MP: 1/8
   868 | D:2      | Noticed Sigmund
   881 | D:2      | Killed Sigmund
   882 | D:2      | Reached skill level 5 in Earth Magic
   882 | D:2      | Reached XP level 5. HP: 6/28 MP: 0/10
   882 | D:2      | Reached XP level 6. HP: 6/32 MP: 0/11
  1044 | D:2      | Slain by a gnoll

Illustrated notes

Levels and vault maps discovered:
D:1:      minmay_arrival_glassed_features, layout_basic
D:2:      layout_basic, dk_noncrumbling_3, uniq_jessica, uniq_sigmund

Skill      XL: |  1  2  3  4 |
---------------+-------------+-----
Earth Magic    | 4 5 |  5.5
Conjurations   | 2 3 |  3.9
Spellcasting   | 3 |  3.7
Dodging        | |  1.5
Stealth        | |  2.1

Action                     |  1- 3 |  4- 6 || total
---------------------------+-------+-------++-------
  Melee: Dagger            |     4 |    18 ||    22
         Unarmed           |     2 |       ||     2
   Cast: Sandblast         |    26 |    21 ||    47
   Stab: Sleeping          |       |     1 ||     1
 Armour: Robe              |    12 |    22 ||    34
  Dodge: Dodged            |    18 |    29 ||    47

Table legend: (Time is in decaauts)
 A = Elapsed time spent in this place.
 B = Non-inter-level travel time spent in this place.
 C = Inter-level travel time spent in this place.
 D = Time resting spent in this place.
 E = Time spent auto-exploring this place.
 F = Levels seen in this place.
 G = Mean time per level.
                   A        B        C        D        E       F      G
               +--------+--------+--------+--------+--------+-----+--------+
         Total |   1067 |   1023 |     44 |    126 |    704 |   2 |  533.5 |
       Dungeon |   1067 |   1023 |     44 |    126 |    704 |   2 |  533.5 |
               +--------+--------+--------+--------+--------+-----+--------+

Top non-repeatable levels by time:
     D:1: 675 daAuts
     D:2: 392 daAuts
